 Dungeon Crawl Stone Soup version 0.31-a0-810-ga77100ea1a (webtiles) character file.

Game seed: 16025316312218975683

21946 pokeman the Eclecticist (level 12, -10/66 HPs)
             Began as a Deep Elf Hedge Wizard on Sept 21, 2023.
             Was a Priest of Vehumet.
             Mangled by a centaur warrior
             ... wielding a +1 morningstar of protection
              (18 damage)
             ... on level 13 of the Dungeon.
             The game lasted 00:40:07 (15976 turns).

pokeman the Eclecticist (Deep Elf Hedge Wizard)    Turns: 15976, Time: 00:40:08

Health: -10/66     AC:  8    Str:  7    XL:     12   Next: 58%
Magic:  32/35      EV: 12    Int: 30    God:    Vehumet [***...]
Gold:   861        SH:  0    Dex: 14    Spells: 29/46 levels left

rFire   + . .        m - +1 short sword (venom)
rCold   + . .        (no shield)
rNeg    . . .        L - +1 leather armour of Tonled {rC+ Int+5}
rPois   .            t - +0 helmet
rElec   .            q - +0 cloak
rCorr   .            (no gloves)
SInv    +            N - +0 pair of boots
Will    +....        (no amulet)
Stlth   ++           z - ring of protection from fire
HPRegen 0.31/turn    g - ring of see invisible
MPRegen 0.24/turn

%: no passive effects
@: no status effects
A: no striking features
a: Renounce Religion


You were on level 13 of the Dungeon.
You worshipped Vehumet.
Vehumet was most pleased with you.
You visited 2 branches of the dungeon, and saw 14 of its levels.

You collected 1036 gold pieces.
You spent 175 gold pieces at shops.

Inventory:

Hand Weapons
 m - a +1 short sword of venom (weapon)
 G - a +3 quarterstaff of chaos
Missiles
 Q - 6 curare-tipped darts
 W - a throwing net
Armour
 q - a +0 cloak (worn)
 t - a +0 helmet (worn)
 y - a +2 robe of willpower
 L - the +1 leather armour of Tonled (worn) {rC+ Int+5}
   (You found it on level 7 of the Dungeon)

   Int+5:     It affects your intelligence (+5).
   rC+:       It protects you from cold.
 N - a +0 pair of boots (worn)
 P - a +1 leather armour of fire resistance
 S - an orb of energy
 U - a +2 buckler
Magical Staves
 n - a staff of conjuration
 C - a staff of cold
 D - a staff of earth
Jewellery
 b - a +6 ring of dexterity
 g - a ring of see invisible (right hand)
 z - a ring of protection from fire (left hand)
 Y - an amulet of faith
Wands
 E - a wand of polymorph (16)
 H - a wand of roots (7)
 R - a wand of charming (4)
 V - a wand of digging (1)
Scrolls
 c - 10 scrolls of teleportation
 e - a scroll of brand weapon
 h - a scroll of amnesia {unknown}
 l - 2 scrolls of immolation {unknown}
 o - 4 scrolls of blinking {unknown}
 v - 3 scrolls of fear {unknown}
 x - 2 scrolls of noise {unknown}
 B - a scroll of vulnerability {unknown}
 F - a scroll of torment {unknown}
 J - 2 scrolls of enchant weapon {unknown}
 K - 4 scrolls of butterflies {unknown}
 M - 3 scrolls of revelation
 T - a scroll of acquirement {unknown}
 X - a scroll of enchant armour {unknown}
Potions
 a - 2 potions of haste
 d - 2 potions of magic
 f - 3 potions of resistance
 i - 2 potions of attraction {unknown}
 j - 9 potions of lignification
 k - 5 potions of curing
 p - 2 potions of brilliance
 r - a potion of mutation {unknown}
 s - a potion of cancellation {unknown}
 u - a potion of enlightenment {unknown}
 w - 2 potions of might {unknown}
 A - 3 potions of invisibility
 I - 3 potions of heal wounds
 O - a potion of ambrosia {unknown}


   Skills:
 - Level 4.0 Fighting
 - Level 4.0 Armour
 - Level 3.0 Dodging
 - Level 3.0 Stealth
 + Level 5.2 Shields
 * Level 17.8 Spellcasting
 + Level 10.7 Conjurations
 - Level 1.1 Summonings
 - Level 1.1 Translocations
 - Level 1.1 Transmutations
 - Level 1.1 Ice Magic
 - Level 1.0 Air Magic
 + Level 9.2 Earth Magic
 - Level 1.0 Poison Magic
 - Level 1.0 Evocations


You had 29 spell levels left.
You knew the following spells:

 Your Spells              Type           Power      Damage    Failure   Level
a - Magic Dart            Conj           100%       1d8       1%          1
b - Mephitic Cloud        Conj/Pois/Air  51%        N/A       1%          3
c - Call Imp              Summ           66%        N/A       2%          2
d - Blink                 Tloc           66%        N/A       2%          2
e - Iskenderun's Mystic   Conj/Tloc      58%        2d12      1%          4
f - Irradiate             Conj/Tmut      29%        3d21      1%          5

Your spell library contained the following spells:

 Spells                   Type           Power      Damage    Failure   Level
 Airstrike                Air            16%        2d(3-19)  4%          4
 Apportation              Tloc           66%        N/A       1%          1
 Dazzling Flash           Conj/Hex       100%       N/A       1%          3
 Slow                     Hex            100%       N/A       2%          1
 Cigotuvi's Dreadful Rot  Necr/Pois/Air  60%        N/A       2%          2
 Lesser Beckoning         Tloc           66%        N/A       2%          2
 Wereblood                Tmut           33%        N/A       2%          2
 Jinxbite                 Hex            52%        N/A       3%          2
 Gell's Gravitas          Tloc           33%        N/A       4%          3
 Teleport Other           Tloc           33%        N/A       4%          3
 Tukima's Dance           Hex            26%        N/A       7%          3
 Dimensional Bullseye     Hex/Tloc       15%        N/A       19%         4
 Alistair's Intoxication  Tmut/Pois      22%        N/A       38%         5
 Silence                  Hex/Air        14%        N/A       45%         5
 Agony                    Necr           26%        N/A       54%         5


Dungeon Overview and Level Annotations

Branches:
Dungeon (13/15)            Temple (1/1) D:6            Lair (0/5) D:9
    Orc (0/2) D:11
 Vaults: D:13-14

Altars:
Ashenzari
Cheibriados
Dithmenos
Elyvilon
Fedhas
Gozag
Hepliaklqana
Kikubaaqudgha
Makhleb
Nemelex Xobeh
Okawaru
Qazlal
Ru
Sif Muna
Trog
Uskayaw
Vehumet
Wu Jian
Xom
Yredelemnul
Zin
The Shining One

Shops:
D:2 (?:   D:5 :   D:7 =![   D:11 *

Annotations:
D:3 1 runed translucent door, ratmeat3's ghost, amateur TrFi


Message History

Aim: a cyclops, quivering large rocks (chance to affect: 58%)
The ball explodes into a vile cloud!
The stinking cloud engulfs the cyclops but does no damage.
The cyclops is engulfed in noxious fumes.
The cyclops appears confused.
The slime creature hits your cerulean imp!
Your cerulean imp dies!
Your cerulean imp disappears in a puff of smoke!
Unknown command.
The cyclops is engulfed in noxious fumes.
The cyclops shouts, "What's happening?!"
The cyclops is engulfed in noxious fumes.
The cyclops appears confused.
You see here a +0 orcbow.
Two slime creatures merge to form a large slime creature.
Two slime creatures merge to form a large slime creature.
The centaur warrior shoots an arrow.
The arrow hits you!!
* * * LOW HITPOINT WARNING * * *
There is a stone staircase leading up, spattered with blood here.
You start resting.
A centaur warrior is nearby!
Casting: Mephitic Cloud (safe; 1% risk of failure)
Confirm with . or Enter, or press ? or * to list all spells.
Aiming: Mephitic Cloud (safe; 1% risk of failure)
Press: ? - help, Shift-Dir - straight line, f - centaur warrior
Aim: a centaur warrior, wielding a +0 shortbow (chance to affect: 53%)
The ball explodes into a vile cloud!
The stinking cloud engulfs the centaur warrior but does no damage.
The centaur warrior is engulfed in noxious fumes.
The centaur warrior appears confused.
The centaur warrior is engulfed in noxious fumes.
The centaur warrior appears confused.
The centaur warrior unwields a +0 shortbow.
The centaur warrior wields a +1 morningstar of protection.
The centaur warrior hits itself with a +1 morningstar of protection.
The centaur warrior kicks itself.
The centaur warrior is engulfed in noxious fumes.
The centaur warrior appears confused.
The centaur warrior hits you with a +1 morningstar of protection!!
You die...

#..#######..######J.......###
#..........J....J.........)..
#..........W.....c...........
#..#######..#######........##
#..# #..# #........# #..#
#.J# #........#
#..#######.○#######........##
#.........§☼c................
#...........@................
#.................#######..##
#.................# #..#
#.................# #..#
#.................# #..#
#.................# #..#
#.................# #..#
#.........^.......#######..##
#............................


You could see 2 slime creatures, a centaur warrior (confused) and a freezing
wraith.

Vanquished Creatures
  Kirke (D:12)
  Snorg (D:12)
  A rakshasa (D:13)
  A centaur warrior (D:13)
  3 two-headed ogres
  2 boulder beetles
  A tengu warrior (D:13)
  Sonja (D:12)
  A wizard (D:12)
  Pikel (D:4)
  An ugly thing (D:11)
  A cyclops (D:12)
  A gargoyle (D:13)
  An efreet (D:13)
  4 kobold demonologists
  A komodo dragon (D:11)
  4 trolls
  3 hornets
  Grinder (D:6)
  5 slime creatures (D:13)
  A wraith (D:11)
  7 wyverns
  A vampire (D:10)
  8 yaks
  Grum (D:8)
  6 hogs (D:12)
  A human (shapeshifter) (D:13)
  7 vampire mosquitoes
  A steam dragon (D:9)
  A warg (D:11)
  5 water moccasins
  5 orc warriors
  An ice beast (D:7)
  3 sky beasts
  2 ogres
  3 wolves (D:8)
  5 centaurs
  2 lemures (D:4)
  2 kobold brigands
  5 bullfrogs
  2 gnoll sergeants
  A scorpion (D:6)
  An oklob sapling (D:6)
  7 killer bees
  6 howler monkeys
  6 hounds
  A jelly (D:7)
  Crazy Yiuf (D:6)
  6 orc priests
  A gnoll bouda (D:6)
  A sleepcap (D:5)
  3 iguanas (D:5)
  4 orc wizards
  18 gnolls
  9 adders
  2 white imps
  A dart slug (D:1)
  38 orcs
  10 endoplasms
  15 giant cockroaches
  7 goblins
  8 hobgoblins
  4 jackals (D:4)
  6 quokkas
  3 ball pythons
  3 bats
  6 frilled lizards
  13 kobolds
  4 rats
289 creatures vanquished.

Vanquished Creatures (collateral kills)
  A gnoll sergeant (D:6)
  2 killer bees (D:6)
  A sleepcap (D:5)
4 creatures vanquished.

Vanquished Creatures (others)
  A human (D:12)
1 creature vanquished.

Grand Total: 294 creatures vanquished

Notes
Turn   | Place    | Note
-------+----------+-------------------------------------------
     0 | D:1      | pokeman the Deep Elf Hedge Wizard began the quest for the
                  | Orb.
     0 | D:1      | Reached XP level 1. HP: 10/10 MP: 7/7
   280 | D:1      | Reached XP level 2. HP: 16/16 MP: 6/9
   901 | D:2      | Found Zaah's Antique Weapon Shop.
  1109 | D:2      | Found Nodd's Book Shoppe.
  1154 | D:2      | Found Weratij's Magic Scroll Emporium.
  1239 | D:2      | Reached skill level 5 in Spellcasting
  1407 | D:2      | Reached XP level 3. HP: 7/20 MP: 5/11
  1411 | D:2      | Learned a level 3 spell: Mephitic Cloud
  1414 | D:2      | Learned a level 2 spell: Call Imp
  1417 | D:2      | Learned a level 2 spell: Blink
  1593 | D:2      | Found a snail-covered altar of Cheibriados.
  1728 | D:2      | Reached skill level 1 in Fighting
  1815 | D:2      | Reached skill level 1 in Armour
  2180 | D:2      | Reached XP level 4. HP: 21/25 MP: 13/13
  2886 | D:3      | Found an iron altar of Okawaru.
  2985 | D:3      | Found a runed translucent door.
  2985 | D:3      | Noticed a bullfrog
  3073 | D:3      | Noticed ratmeat3's ghost (amateur TrFi)
  3167 | D:4      | Reached skill level 6 in Spellcasting
  3167 | D:4      | Reached XP level 5. HP: 18/29 MP: 6/15
  3507 | D:4      | Reached skill level 1 in Poison Magic
  3757 | D:4      | Reached skill level 1 in Air Magic
  3813 | D:4      | Reached skill level 1 in Evocations
  3936 | D:4      | Noticed a lemure
  3944 | D:4      | Noticed a lemure
  3945 | D:4      | Noticed a lemure
  3946 | D:4      | Noticed a lemure
  3947 | D:4      | Noticed Pikel
  3981 | D:4      | Killed a lemure
  3986 | D:4      | Killed a lemure
  3997 | D:4      | Killed Pikel
  3998 | D:4      | Reached skill level 8 in Spellcasting
  3998 | D:4      | Reached XP level 6. HP: 25/36 MP: 3/19
  3998 | D:4      | Reached XP level 7. HP: 27/40 MP: 3/20
  4129 | D:4      | Found a sparkling altar of Nemelex Xobeh.
  4408 | D:5      | Entered Level 5 of the Dungeon
  4626 | D:5      | Found Jiboel's Self-Improvement Boutique.
  4856 | D:5      | Reached skill level 9 in Spellcasting
  4861 | D:5      | Found a broken altar of Ashenzari.
  5045 | D:5      | Reached XP level 8. HP: 11/45 MP: 2/23
  5446 | D:6      | Reached skill level 5 in Conjurations
  5572 | D:6      | Noticed Grinder
  5582 | D:6      | Reached skill level 1 in Ice Magic
  5800 | D:6      | Reached skill level 10 in Spellcasting
  5900 | D:6      | Reached skill level 1 in Earth Magic
  6243 | D:6      | Paralysed by Grinder for 5 turns
  6272 | D:6      | Paralysed by Grinder for 2 turns
  6274 | D:6      | Killed Grinder
  6275 | D:6      | Reached skill level 11 in Spellcasting
  6275 | D:6      | Reached XP level 9. HP: 49/49 MP: 16/26
  6373 | D:6      | Found a staircase to the Ecumenical Temple.
  6400 | Temple   | Entered the Ecumenical Temple
  6411 | Temple   | Became a worshipper of Vehumet
  6586 | D:6      | Found an opulent altar of Gozag.
  6787 | D:6      | Found a runed translucent door.
  6788 | D:6      | Noticed Crazy Yiuf
  6814 | D:6      | Killed Crazy Yiuf
  6993 | D:7      | Found Peosmesh's Jewellery Boutique.
  7477 | D:7      | Found Tifu's Antique Armour Emporium.
  7516 | D:7      | Reached skill level 1 in Shields
  7616 | D:7      | Reached skill level 12 in Spellcasting
  7717 | D:7      | Reached * piety under Vehumet
  7717 | D:7      | Offered knowledge of Shock by Vehumet.
  7855 | D:7      | Identified the +1 leather armour of Tonled {rC+ Int+5}
  7863 | D:7      | Found Eqowk's Distillery.
  8192 | D:2      | Bought a scroll of revelation for 75 gold pieces
  8192 | D:2      | Bought a scroll of teleportation for 30 gold pieces
  8192 | D:2      | Bought a scroll of teleportation for 30 gold pieces
  8192 | D:2      | Bought a scroll of identify for 20 gold pieces
  8192 | D:2      | Bought a scroll of identify for 20 gold pieces
  8414 | D:8      | Noticed a two-headed ogre
  8437 | D:8      | Killed a two-headed ogre
  8438 | D:8      | Reached XP level 10. HP: 29/54 MP: 4/28
  8698 | D:8      | Found a bloodstained altar of Trog.
  8698 | D:8      | Found an ancient bone altar of Kikubaaqudgha.
  8987 | D:8      | Reached skill level 13 in Spellcasting
  8989 | D:8      | Noticed Grum
  8991 | D:8      | Reached skill level 5 in Earth Magic
  8999 | D:8      | Killed Grum
  9170 | D:9      | Found a blossoming altar of Fedhas.
  9774 | D:9      | Found a staircase to the Lair.
  9797 | D:9      | Reached skill level 14 in Spellcasting
 10289 | D:9      | Noticed Jeremiah
 10292 | D:9      | Jeremiah changed into Jeremiah the hornet
 10292 | D:9      | Noticed Jeremiah
 10304 | D:9      | Killed Jeremiah the hornet
 10502 | D:10     | Entered Level 10 of the Dungeon
 10628 | D:10     | Noticed a two-headed ogre
 10787 | D:10     | Offered knowledge of Kiss of Death by Vehumet.
 10832 | D:10     | Learned a level 4 spell: Iskenderun's Mystic Blast
 10968 | D:10     | Reached ** piety under Vehumet
 11022 | D:10     | Killed a two-headed ogre
 11023 | D:10     | Reached XP level 11. HP: 60/60 MP: 4/31
 11228 | D:10     | Found an ornate altar of the Wu Jian Council.
 11334 | D:10     | Reached skill level 15 in Spellcasting
 12013 | D:11     | Noticed a purple ugly thing
 12035 | D:11     | Killed a purple ugly thing
 12314 | D:11     | Found Conubuy's Mass Market.
 12603 | D:11     | Offered knowledge of Static Discharge by Vehumet.
 12696 | D:11     | Found a staircase to the Orcish Mines.
 12749 | D:11     | Noticed a boulder beetle
 12837 | D:11     | Killed a boulder beetle
 13533 | D:12     | Reached skill level 16 in Spellcasting
 13608 | D:12     | Noticed Kirke
 13609 | D:12     | Reached *** piety under Vehumet
 13615 | D:12     | Noticed a two-headed ogre
 13618 | D:12     | Noticed a sphinx
 13619 | D:12     | Killed Kirke
 13640 | D:12     | Killed a two-headed ogre
 13803 | D:12     | Noticed a wizard
 13836 | D:12     | Killed a wizard
 13837 | D:12     | Reached XP level 12. HP: 62/66 MP: 31/34
 13850 | D:12     | Reached skill level 10 in Conjurations
 14073 | D:12     | Noticed Sonja
 14082 | D:12     | Killed Sonja
 14115 | D:12     | Learned a level 5 spell: Irradiate
 14165 | D:12     | Noticed Snorg
 14218 | D:12     | Killed Snorg
 14219 | D:12     | Reached skill level 17 in Spellcasting
 14809 | D:13     | Reached skill level 1 in Transmutations
 14920 | D:13     | Offered knowledge of Airstrike by Vehumet.
 15127 | D:13     | Noticed a boulder beetle
 15139 | D:13     | Noticed a centaur warrior
 15145 | D:13     | Noticed a rakshasa
 15147 | D:13     | Killed a boulder beetle
 15153 | D:13     | Killed a centaur warrior
 15154 | D:13     | Reached skill level 5 in Shields
 15589 | D:13     | Noticed a tengu warrior
 15614 | D:13     | Killed a tengu warrior
 15800 | D:13     | Killed a rakshasa
 15928 | D:13     | Noticed a centaur warrior
 15976 | D:13     | Mangled by a centaur warrior

Illustrated notes

Levels and vault maps discovered:
D:1:      saegor_arrival_simple_b, layout_basic, eino_curves_04
D:2:      minmay_roachtagon, layout_loops_corners, basic_altar, serial_shops,
          nicolae_shop_tiny_real_fake_doors, shop,
          nicolae_shop_tiny_statue_garden, dk_vineyard_2
D:3:      minmay_spotlight, layout_rooms, okawaru_ov_weapons_minmay,
          ebering_ghost_sewer_d
D:4:      layout_basic, kennysheep_little_box, minmay_liquid_box, uniq_pikel
D:5:      layout_cave_pools, mainiacjoe_overflow_six_doors_small,
          nicolae_shop_self_help
D:6:      layout_loops_corners, grunt_gozag_breadcrumbs,
          minmay_temple_entry_oklob, kennysheep_flooded_box,
          uniq_crazy_yiuf_cottage, uniq_grinder
D:7:      layout_loops_ring, serial_shops, shop, shop,
          nicolae_shop_getting_attention
D:8:      layout_basic, nicolae_overflow_two_pavilions, uniq_grum
D:9:      layout_roguey, fedhas_altar_2, minmay_lair_entry_grove, uniq_jeremiah
D:10:     layout_long_grid, lemuel_doored_altar
D:11:     layout_long_grid, erik_orc_4, minmay_shop_mass
D:12:     layout_small_grid, nicolae_straight_to_the_point, uniq_kirke,
          uniq_snorg, uniq_sonja
D:13:     minmay_cut_squares, layout_small_grid
Temple:   eino_temple_water

Skill      XL: |  1  2  3  4  5  6  7  8  9 10 11 12 |
---------------+-------------------------------------+-----
Spellcasting   | 5 6 8 9 11 12 14 16 17 | 17.8
Conjurations   | 2 4 6 7 8 9 10 | 10.7
Fighting       | 1 2 3 4 |  4.0
Armour         | 1 2 3 4 |  4.0
Stealth        | 3 |  3.0
Dodging        | 3 |  3.0
Poison Magic   | 1 |  1.0
Air Magic      | 1 |  1.0
Evocations     | 1 |  1.0
Ice Magic      | 1 |  1.1
Earth Magic    | 2 4 6 8 9 |  9.2
Shields        | 2 3 4 5 |  5.2
Transmutations | 1 |  1.1
Summonings     | |  1.1
Translocations | |  1.1

Action                     |  1- 3 |  4- 6 |  7- 9 | 10-12 || total
---------------------------+-------+-------+-------+-------++-------
  Melee: Dagger            |    15 |    59 |   134 |   164 ||   372
         Punch             |       |       |     3 |     4 ||     7
         Flail             |       |       |       |    45 ||    45
         Short sword       |       |       |       |    32 ||    32
   Cast: Magic Dart        |    79 |   113 |   201 |   155 ||   548
         Mephitic Cloud    |       |     6 |    36 |    76 ||   118
         Call Imp          |       |       |     6 |    18 ||    24
         Blink             |       |       |     5 |     2 ||     7
         Iskenderun's Myst |       |       |       |    91 ||    91
         Irradiate         |       |       |       |     7 ||     7
  Evoke: Wand              |       |       |       |     4 ||     4
    Use: Scroll            |       |       |       |     9 ||     9
   Stab: Sleeping          |       |     1 |       |       ||     1
         Confused          |       |     2 |    20 |    43 ||    65
 Armour: Robe              |    15 |    32 |    83 |   150 ||   280
         Leather armour    |       |       |       |    35 ||    35
  Dodge: Dodged            |    17 |    60 |    80 |   208 ||   365

Table legend: (Time is in decaauts)
 A = Elapsed time spent in this place.
 B = Non-inter-level travel time spent in this place.
 C = Inter-level travel time spent in this place.
 D = Time resting spent in this place.
 E = Time spent auto-exploring this place.
 F = Levels seen in this place.
 G = Mean time per level.
                   A        B        C        D        E       F      G
               +--------+--------+--------+--------+--------+-----+--------+
         Total |  16022 |  15304 |    718 |    571 |  11822 |  14 | 1144.4 |
       Dungeon |  15999 |  15301 |    698 |    571 |  11822 |  13 | 1230.7 |
        Temple |     22 |      2 |     20 |      0 |      0 |   1 |   22.0 |
               +--------+--------+--------+--------+--------+-----+--------+

Top non-repeatable levels by time:
     D:6: 1621 daAuts
     D:9: 1543 daAuts
    D:11: 1539 daAuts
    D:12: 1470 daAuts
     D:2: 1458 daAuts
     D:4: 1419 daAuts
    D:10: 1262 daAuts
     D:7: 1105 daAuts
    D:13: 1047 daAuts
     D:5: 920 daAuts
     D:3: 875 daAuts
     D:1: 874 daAuts
     D:8: 859 daAuts
  Temple: 22 daAuts
